NCAA
KANSAS JAYHAWKS @ UCLA BRUINS
04/29/2023
 
TOP OF THE 1ST
Kansas Jayhawks batting - Pitching for UCLA Bruins : LHP Peter Taylor
Pitching: LHP Peter Taylor
Batting: LHB Milo Powers 0-0: Called Strike
0-1: Ball
1-1: Ball
2-1: Ground out 4-3 (Groundball, 4)
Batting: RHB Domingo Hernández 0-0: Called Strike
0-1: Foul Ball, location: 2F
0-2: Strikes out swinging
Batting: LHB Juan Mendoza 0-0: Reached on Error, E9 (Flyball, 89M)
Batting: LHB Robert Moore 0-0: Foul Ball, location: 2F
0-1: Ball
1-1: Foul Ball, location: 2F
1-2: Foul Ball, location: 2F
1-2: Ball
2-2: Strikes out swinging
Top of the 1st over - 0 run(s), 0 hit(s), 1 error(s), 1 left on base; Kansas 0 - UCLA 0
BOTTOM OF THE 1ST
UCLA Bruins batting - Pitching for Kansas Jayhawks : LHP Ricardo González
Pitching: LHP Ricardo González
Batting: RHB Rodney Richardson 0-0: Ball
1-0: Ground out U3 (Groundball, 3L)
Batting: LHB Simon Collins 0-0: Called Strike
0-1: Ball
1-1: DOUBLE (Groundball, 5L)
Batting: RHB Lonnie Anderson 0-0: Ball
1-0: Called Strike
1-1: Swinging Strike
1-2: Reached on error, E4 (Groundball, 4M)
Simon Collins to third
Batting: LHB Brian Bauer 0-0: Called Strike
Lonnie Anderson is caught stealing 2nd base
0-1: Ball
1-1: Foul Ball, location: 2F
1-2: Ground out 3-1 (Groundball, 34)
Bottom of the 1st over - 0 run(s), 1 hit(s), 1 error(s), 1 left on base; Kansas 0 - UCLA 0
TOP OF THE 2ND
Kansas Jayhawks batting - Pitching for UCLA Bruins : LHP Peter Taylor
Batting: LHB Greg Nelson 0-0: Called Strike
0-1: Ball
1-1: Called Strike
1-2: Ball
2-2: Ball
3-2: Fly out, F7 (Flyball, 7D)
Batting: RHB Ken Longoria 0-0: Foul Ball, location: 2F
0-1: Ball
1-1: Ground out 1-3 (Groundball, 23)
Batting: RHB Richie Miller 0-0: Called Strike
0-1: Foul Ball, location: 2F
0-2: Ball
1-2: Ball
2-2: Ball
3-2: Base on Balls
Batting: LHB John Christopher 0-0: Ball
1-0: Ground out U3 (Groundball, 3)
Top of the 2nd over - 0 run(s), 0 hit(s), 0 error(s), 1 left on base; Kansas 0 - UCLA 0
BOTTOM OF THE 2ND
UCLA Bruins batting - Pitching for Kansas Jayhawks : LHP Ricardo González
Batting: RHB Robert Marks 0-0: Ball
1-0: Ball
2-0: Fly out, F6 (Popup, 6)
Batting: RHB Bill Powell 0-0: Ball
1-0: Ground out 6-3 (Groundball, 6)
Batting: RHB Roberto Rodríguez 0-0: Ball
1-0: Ball
2-0: Called Strike
2-1: Ball
3-1: Base on Balls
Batting: RHB Doug Lutz 0-0: Ball
1-0: Ball
2-0: Foul Ball, location: 2F
2-1: Ball
3-1: Base on Balls
Roberto Rodríguez to second
Batting: LHB Harvey Moore 0-0: Called Strike
0-1: Ground out 5-3 (Groundball, 56)
Bottom of the 2nd over - 0 run(s), 0 hit(s), 0 error(s), 2 left on base; Kansas 0 - UCLA 0
TOP OF THE 3RD
Kansas Jayhawks batting - Pitching for UCLA Bruins : LHP Peter Taylor
Batting: RHB Dave Harris 0-0: Swinging Strike
0-1: Swinging Strike
0-2: Strikes out looking
Batting: LHB Milo Powers 0-0: Called Strike
0-1: Called Strike
0-2: Strikes out swinging
Batting: RHB Domingo Hernández 0-0: SOLO HOME RUN (Flyball, 7D), Distance : 364 ft
Batting: LHB Juan Mendoza 0-0: Fly out, F6 (Popup, 5D)
Top of the 3rd over - 1 run(s), 1 hit(s), 0 error(s), 0 left on base; Kansas 1 - UCLA 0
BOTTOM OF THE 3RD
UCLA Bruins batting - Pitching for Kansas Jayhawks : LHP Ricardo González
Batting: RHB Rodney Richardson 0-0: Ball
1-0: Ball
2-0: Ball
3-0: Base on Balls
Batting: LHB Simon Collins 0-0: Called Strike
0-1: Grounds into double play, 6-4-3 (Groundball, 6M)
Batting: RHB Lonnie Anderson 0-0: Ball
1-0: Ground out U3 (Groundball, 3)
Bottom of the 3rd over - 0 run(s), 0 hit(s), 0 error(s), 0 left on base; Kansas 1 - UCLA 0
TOP OF THE 4TH
Kansas Jayhawks batting - Pitching for UCLA Bruins : LHP Peter Taylor
Batting: LHB Robert Moore 0-0: Called Strike
0-1: SINGLE (Groundball, 6MD)
Batting: LHB Greg Nelson 0-0: Foul Ball, location: 2F
0-1: Ball
1-1: Called Strike
1-2: Strikes out swinging
Batting: RHB Ken Longoria 0-0: Ball
1-0: Ball
2-0: Called Strike
2-1: Ball
3-1: Swinging Strike
3-2: Foul Ball, location: 2F
3-2: Ground out 6-3 (Groundball, 6)
Robert Moore to second
Batting: RHB Richie Miller 0-0: Foul Ball, location: 2F
0-1: Ball
1-1: Ball
2-1: Swinging Strike
2-2: Foul Ball, location: 2F
2-2: Hit by Pitch
Batting: LHB John Christopher 0-0: Ball
1-0: Called Strike
1-1: Ball
2-1: Foul Ball, location: 2F
2-2: Strikes out swinging
Top of the 4th over - 0 run(s), 1 hit(s), 0 error(s), 2 left on base; Kansas 1 - UCLA 0
BOTTOM OF THE 4TH
UCLA Bruins batting - Pitching for Kansas Jayhawks : LHP Ricardo González
Batting: LHB Brian Bauer 0-0: Called Strike
0-1: Swinging Strike
0-2: Ball
1-2: Foul Ball, location: 2F
1-2: Strikes out swinging
Batting: RHB Robert Marks 0-0: Called Strike
0-1: Ball
1-1: Ball
2-1: Fly out, F8 (Flyball, 8RM)
Batting: RHB Bill Powell 0-0: Called Strike
0-1: Ball
1-1: Called Strike
1-2: Ball
2-2: Strikes out swinging
Bottom of the 4th over - 0 run(s), 0 hit(s), 0 error(s), 0 left on base; Kansas 1 - UCLA 0
TOP OF THE 5TH
Kansas Jayhawks batting - Pitching for UCLA Bruins : LHP Peter Taylor
Batting: RHB Dave Harris 0-0: Foul Ball, location: 2F
0-1: Foul Ball, location: 2F
0-2: Ball
1-2: Strikes out looking
Batting: LHB Milo Powers 0-0: Ball
1-0: Ball
2-0: Fly out, F7 (Flyball, 7D)
Batting: RHB Domingo Hernández 0-0: Ball
1-0: Ball
2-0: Foul Ball, location: 2F
2-1: Fly out, F9 (Flyball, 9LM)
Top of the 5th over - 0 run(s), 0 hit(s), 0 error(s), 0 left on base; Kansas 1 - UCLA 0
BOTTOM OF THE 5TH
UCLA Bruins batting - Pitching for Kansas Jayhawks : LHP Ricardo González
Batting: RHB Roberto Rodríguez 0-0: Called Strike
0-1: Foul Ball, location: 2F
0-2: Strikes out swinging
Batting: RHB Doug Lutz 0-0: Ball
1-0: Ball
2-0: Foul Ball, location: 2F
2-1: Foul Ball, location: 2F
2-2: Ground out 4-3 (Groundball, 4)
Batting: LHB Harvey Moore 0-0: SINGLE (Groundball, 3D)
Batting: RHB Rodney Richardson 0-0: Swinging Strike
0-1: Ground out 1-3 (Groundball, 34S)
Bottom of the 5th over - 0 run(s), 1 hit(s), 0 error(s), 1 left on base; Kansas 1 - UCLA 0
TOP OF THE 6TH
Kansas Jayhawks batting - Pitching for UCLA Bruins : LHP Peter Taylor
Batting: LHB Juan Mendoza 0-0: Fly out, F9 (Line Drive, 89M)
Batting: LHB Robert Moore 0-0: Ball
1-0: Foul Ball, location: 2F
1-1: Fly out, F8 (Line Drive, 8LM)
Batting: LHB Greg Nelson 0-0: Called Strike
0-1: Foul Ball, location: 2F
0-2: Ball
1-2: Ball
2-2: Foul Ball, location: 2F
2-2: Ball
3-2: Foul Ball, location: 2F
3-2: Foul Ball, location: 2F
3-2: Base on Balls
Pitching: LHP Josh Wall
Batting: RHB Ken Longoria 0-0: Called Strike
0-1: Foul Ball, location: 2F
0-2: Ball
1-2: Ball
Wild Pitch!
Greg Nelson to second
2-2: Ball
3-2: Base on Balls
Batting: RHB Richie Miller 0-0: Called Strike
0-1: Swinging Strike
0-2: Foul Ball, location: 2F
0-2: Ball
1-2: Ball
2-2: Ball
3-2: Base on Balls
Greg Nelson to third
Ken Longoria to second
Batting: LHB John Christopher 0-0: Foul Ball, location: 2F
0-1: Ball
1-1: Fielders Choice at 2nd, U6 (Groundball, 6M)
Top of the 6th over - 0 run(s), 0 hit(s), 0 error(s), 3 left on base; Kansas 1 - UCLA 0
BOTTOM OF THE 6TH
UCLA Bruins batting - Pitching for Kansas Jayhawks : LHP Ricardo González
Batting: LHB Simon Collins 0-0: Ground out 4-3 (Groundball, 4)
Batting: RHB Lonnie Anderson 0-0: Foul Ball, location: 2F
0-1: Swinging Strike
0-2: Foul Ball, location: 2F
0-2: SINGLE (Groundball, 13) (infield hit)
Batting: LHB Brian Bauer 0-0: Ball
Lonnie Anderson steals 2nd base
1-0: Called Strike
1-1: Called Strike
1-2: Ball
2-2: Foul Ball, location: 2F
2-2: Ball
3-2: Strikes out swinging
Batting: RHB Robert Marks 0-0: Ball
1-0: Called Strike
1-1: Ball
2-1: Swinging Strike
2-2: Foul Ball, location: 2F
2-2: Foul Ball, location: 2F
2-2: Foul Ball, location: 2F
2-2: 2-RUN HOME RUN (Flyball, 7D), Distance : 348 ft
Batting: RHB Bill Powell 0-0: Ball
1-0: Ball
2-0: Swinging Strike
2-1: Ground out 5-3 (Groundball, 5)
Bottom of the 6th over - 2 run(s), 2 hit(s), 0 error(s), 0 left on base; Kansas 1 - UCLA 2
TOP OF THE 7TH
Kansas Jayhawks batting - Pitching for UCLA Bruins : LHP Josh Wall
Batting: RHB Dave Harris 0-0: Ball
1-0: Ball
2-0: Ball
3-0: Called Strike
3-1: Foul Ball, location: 2F
3-2: Strikes out swinging
Batting: LHB Milo Powers 0-0: Foul Ball, location: 2F
0-1: Foul Ball, location: 2F
0-2: Ball
1-2: Foul Ball, location: 2F
1-2: Ball
2-2: Ball
3-2: Foul Ball, location: 2F
3-2: Base on Balls
Batting: RHB Domingo Hernández 0-0: Foul Ball, location: 2F
0-1: SINGLE (Flyball, 8LS)
Milo Powers to second
Batting: LHB Juan Mendoza 0-0: Swinging Strike
0-1: Ball
Milo Powers is caught stealing 3rd base
Domingo Hernández to second
1-1: Ball
2-1: Ball
3-1: Called Strike
3-2: Base on Balls
Pitching: RHP Adam Watkins
Batting: LHB Robert Moore 0-0: Swinging Strike
0-1: Ball
1-1: Ball
2-1: Swinging Strike
2-2: Ball
3-2: Base on Balls
Domingo Hernández to third
Juan Mendoza to second
Batting: LHB Greg Nelson 0-0: Ball
1-0: Swinging Strike
1-1: Ball
2-1: Fly out, F7 (Flyball, 7LMF)
Top of the 7th over - 0 run(s), 1 hit(s), 0 error(s), 3 left on base; Kansas 1 - UCLA 2
BOTTOM OF THE 7TH
UCLA Bruins batting - Pitching for Kansas Jayhawks : LHP Ricardo González
Pitching: RHP Bill Wallace
Batting: RHB Roberto Rodríguez 0-0: Called Strike
0-1: Ball
1-1: Ground out 5-3 (Groundball, 15S)
Batting: RHB Doug Lutz 0-0: Called Strike
0-1: Ball
1-1: Ball
2-1: Swinging Strike
2-2: Foul Ball, location: 2F
2-2: Ground out 4-3 (Groundball, 4)
Batting: LHB Harvey Moore 0-0: Ground out 4-3 (Groundball, 34D)
Bottom of the 7th over - 0 run(s), 0 hit(s), 0 error(s), 0 left on base; Kansas 1 - UCLA 2
TOP OF THE 8TH
Kansas Jayhawks batting - Pitching for UCLA Bruins : RHP Adam Watkins
Pitching: RHP Bob Walters
Batting: RHB Ken Longoria 0-0: Ball
1-0: Fly out, F8 (Popup, 8LS)
Batting: RHB Richie Miller 0-0: SINGLE (Groundball, 6MD)
Batting: LHB John Christopher 0-0: Called Strike
0-1: SINGLE (Groundball, 34)
Richie Miller to second
Runner from 2nd tries for 3rd, SAFE, throw made to third
Batting: RHB Dave Harris 0-0: Ball
1-0: Ball
2-0: Ball
3-0: Base on Balls
John Christopher to second
Batting: LHB Milo Powers 0-0: Foul Ball, location: 2F
0-1: Called Strike
0-2: Ball
1-2: Ball
2-2: Ball
3-2: Strikes out swinging
Batting: RHB Domingo Hernández 0-0: Ball
Wild Pitch!
Richie Miller scores
John Christopher to third
Dave Harris to second
1-0: Ball
2-0: Foul Ball, location: 2F
2-1: Ball
3-1: Foul Ball, location: 2F
3-2: Base on Balls
Batting: LHB Juan Mendoza 0-0: Ball
1-0: Swinging Strike
1-1: Ball
2-1: Fly out, F8 (Flyball, 8RXD)
Top of the 8th over - 1 run(s), 2 hit(s), 0 error(s), 3 left on base; Kansas 2 - UCLA 2
BOTTOM OF THE 8TH
UCLA Bruins batting - Pitching for Kansas Jayhawks : RHP Bill Wallace
Batting: RHB Rodney Richardson 0-0: Called Strike
0-1: Ball
1-1: Foul Ball, location: 2F
1-2: Strikes out looking
Batting: LHB Simon Collins 0-0: SINGLE (Line Drive, 9S)
Batting: RHB Lonnie Anderson 0-0: Foul Ball, location: 2F
0-1: Fly out, F4 (Popup, 4M)
Batting: LHB Brian Bauer 0-0: Foul Ball, location: 2F
0-1: Foul Ball, location: 2F
0-2: Ball
1-2: Fly out, F7 (Flyball, 7M)
Bottom of the 8th over - 0 run(s), 1 hit(s), 0 error(s), 1 left on base; Kansas 2 - UCLA 2
TOP OF THE 9TH
Kansas Jayhawks batting - Pitching for UCLA Bruins : RHP Bob Walters
Pitching: RHP Rob Deal
Batting: LHB Robert Moore 0-0: Hit by Pitch
Batting: LHB Greg Nelson 0-0: Called Strike
0-1: Ball
1-1: Foul Ball, location: 2F
1-2: Foul Ball, location: 2F
1-2: Foul Ball, location: 2F
1-2: Ball
2-2: Ball
3-2: Base on Balls
Robert Moore to second
Batting: RHB Ken Longoria 0-0: Called Strike
0-1: Ball
1-1: Foul Ball, location: 2F
1-2: Ball
2-2: Foul Ball, location: 2F
2-2: Strikes out swinging
Batting: RHB Richie Miller 0-0: Ball
1-0: Ball
2-0: Ball
3-0: Called Strike
3-1: Base on Balls
Robert Moore to third
Greg Nelson to second
Batting: LHB John Christopher 0-0: Ball
1-0: Foul Ball, location: 2F
1-1: Ball
2-1: DOUBLE (Line Drive, 3)
Robert Moore scores
Greg Nelson scores
Richie Miller to third
Pitching: RHP Sean Cooper
Batting: RHB Dave Harris 0-0: Called Strike
0-1: 3-RUN HOME RUN (Flyball, 8LXD), Distance : 386 ft
Batting: LHB Milo Powers 0-0: Ball
1-0: DOUBLE (Groundball, 3L)
Batting: RHB Domingo Hernández 0-0: Ground out 5-3 (Groundball, 56)
Batting: LHB Juan Mendoza 0-0: SINGLE (Flyball, 7S)
Milo Powers to third
Runner from 3rd tries for Home, SAFE, no throw or cutoff
Pitching: RHP George Floyd
Batting: LHB Robert Moore 0-0: Ball
1-0: Called Strike
1-1: 2-RUN HOME RUN (Flyball, 78XD), Distance : 378 ft
Batting: LHB Greg Nelson 0-0: Swinging Strike
0-1: SINGLE (Line Drive, 8LS)
Batting: RHB Ken Longoria 0-0: Called Strike
0-1: Ball
1-1: Called Strike
1-2: Ball
2-2: Foul Ball, location: 2F
2-2: Fielders Choice at 2nd, U6 (Groundball, 6M)
Top of the 9th over - 8 run(s), 6 hit(s), 0 error(s), 1 left on base; Kansas 10 - UCLA 2
BOTTOM OF THE 9TH
UCLA Bruins batting - Pitching for Kansas Jayhawks : RHP Bill Wallace
Batting: RHB Robert Marks 0-0: Called Strike
0-1: Called Strike
0-2: Ground out 5-3 (Groundball, 56)
Pinch Hitting: LHB Scott Young 0-0: Ball
1-0: Fly out, F9 (Flyball, 9S)
Batting: RHB Roberto Rodríguez 0-0: Ball
1-0: Called Strike
1-1: Ground out 5-3 (Groundball, 5)
Bottom of the 9th over - 0 run(s), 0 hit(s), 0 error(s), 0 left on base; Kansas 10 - UCLA 2
This league is powered by Out of the Park Baseball, the baseball management simulation game for PC, Mac and Linux
Wednesday, December 2nd, 2015 - OOTP Baseball 16.8 Build 38